 Dungeon Crawl Stone Soup version 0.13.0-15-g9204fa6 (webtiles) character file.

1399947 Jaijje the Conqueror (level 27, 271/277 HPs)
             Began as a Minotaur Fighter on Oct 16, 2013.
             Was a High Priest of Okawaru.
             Escaped with the Orb
             ... and 3 runes on Oct 20, 2013!
             The game lasted 11:47:52 (119927 turns).

Jaijje the Conqueror (Minotaur Fighter)           Turns: 119927, Time: 11:47:53

HP 271/277       AC 37     Str 30      XL: 27
MP  40/40        EV 17     Int  8      God: Okawaru [*****.]
Gold 5145        SH  0     Dex 10      Spells:  0 memorised, 26 levels left

Res.Fire  : + + .   See Invis. : +   m - +8,+5 great mace (holy)
Res.Cold  : + . .   Warding    : .   Q - +6 fire dragon armour {Xtahua}
Life Prot.: + . .   Conserve   : +   (no shield)
Res.Poison: +       Res.Corr.  : +   W - +2 cap {SInv}
Res.Elec. : +       Clarity    : +   j - +2 cloak {rCorr, Cons}
Sust.Abil.: + .     Spirit.Shd : +   z - +1 pair of gloves of Subjectivity {rElec MR++}
Res.Mut.  : .       Stasis     : .   D - +1 pair of boots of Sunlight {rN+ Dam+4}
Res.Rott. : .       Flight     : .   C - amulet of Otoumore {Spirit +Inv rC++}
Saprovore : . . .                    U - ring of Cujero {SustAb rPois Int+3}
                                     q - ring of Lady Luck {Wiz rElec Acc+5}

@: extremely resistant to hostile enchantments, extremely unstealthy
A: retaliatory headbutt, horns 2, blurry vision 1, clarity, AC +1, Dex -4
a: Heroism, Finesse, Renounce Religion, Evoke Invisibility
}: 3/15 runes: serpentine, barnacled, silver


You escaped.
You worshipped Okawaru.
Okawaru was extremely pleased with you.
You were very full.

You visited 12 branches of the dungeon, and saw 71 of its levels.
You visited the Abyss 1 time.
You also visited: Labyrinth and Trove.

You collected 8521 gold pieces.
You spent 3396 gold pieces at shops.

Inventory:

Hand weapons
 m - a +8,+5 great mace of holy wrath (weapon)
Missiles
 J - 22 javelins of penetration
 Y - 4 steel javelins (quivered)
Armour
 i - a +2 pair of elven boots of running
 j - a +2 cloak of preservation (worn)
 z - the +1 pair of gloves of Subjectivity (worn) {rElec MR++}
   (Okawaru gifted it to you on level 21 of the Dungeon)

   It insulates you from electricity.
   It affects your resistance to hostile enchantments.
 D - the +1 pair of boots of Sunlight (worn) {rN+ Dam+4}
   (Okawaru gifted it to you on level 3 of the Realm of Zot)

   It affects your damage-dealing abilities (+4).
   It protects you from negative energy.
 Q - a +6 fire dragon armour (worn) {Xtahua}
 W - a +2 cap of see invisible (worn)
Magical devices
 n - a wand of digging (9)
 F - a wand of hasting (4)
 L - a wand of disintegration (9)
 Z - a wand of teleportation (9)
Comestibles
 c - 7 pears
 d - 5 bread rations
Scrolls
 g - 2 scrolls of teleportation
 p - 6 scrolls of fog
 u - a scroll of recharging
 x - 3 scrolls of remove curse
 I - 3 scrolls of fear
 M - 2 scrolls of identify
 V - 2 scrolls of blinking
Jewellery
 a - an uncursed ring of protection from cold
 e - the ring "Kiomo" {AC+3 Dam+5}
   (You found it on level 3 of the Elven Halls)

   [ring of protection]

   It affects your AC (+3).
   It affects your damage-dealing abilities (+5).
 f - an uncursed amulet of resist mutation
 h - the ring of the Three Moons {Ice +Inv}
   (You found it in a treasure trove)

   [ring of ice]

   It lets you turn invisible.
 k - an uncursed ring of positive energy
 q - the ring of Lady Luck (left hand) {Wiz rElec Acc+5}
   (You found it on level 3 of the Crypt)

   [ring of wizardry]

   It affects your accuracy (+5).
   It insulates you from electricity.
 s - the brooch of Shielding {Ward AC+4 EV+4}
   (You found it on level 3 of the Elven Halls)

   [amulet of warding]

   It affects your AC (+4).
   It affects your evasion (+4).
 w - an uncursed ring of protection from fire
 y - the ring of the Princess {-Tele rF+ rC+}
   (You found it on level 3 of the Elven Halls)

   [ring of protection from cold]

   It protects you from fire.
   It prevents most forms of teleportation.
 B - an uncursed amulet of the gourmand
 C - the amulet of Otoumore (around neck) {Spirit +Inv rC++}
   (You found it on level 4 of the Dungeon)

   [amulet of guardian spirit]

   It greatly protects you from cold.
   It lets you turn invisible.
 E - an uncursed ring of regeneration
 O - the amulet "Schis" {Clar rF+ MR++}
   (You took it off Agnes on level 5 of the Shoals)

   [amulet of clarity]

   It protects you from fire.
   It affects your resistance to hostile enchantments.
 U - the ring of Cujero (right hand) {SustAb rPois Int+3}
   (You found it in a treasure trove)

   [ring of sustain abilities]

   It affects your intelligence (+3).
   It protects you from poison.
Potions
 l - 4 potions of cure mutation
 t - 4 potions of curing
 A - 4 potions of resistance
 H - 4 potions of heal wounds
 K - 5 potions of speed
 P - 6 potions of might
 R - 2 potions of restore abilities
Orbs of Power
 b - the Orb of Zot
Miscellaneous
 o - a lamp of fire
 r - a phial of floods
 v - a stone of tremors
 G - a phial of floods
 N - a fan of gales


   Skills:
 O Level 27 Fighting
 - Level 20.2 Maces & Flails
 - Level 20.0 Throwing
 O Level 27 Armour
 + Level 18.5 Dodging
   Level 3.6 Shields
 - Level 7.5 Invocations
 * Level 21.2 Evocations


You had 26 spell levels left.
You didn't know any spells.

Dungeon Overview and Level Annotations

Branches:
Dungeon (27/27)            Temple (1/1) D:6             Orc (4/4) D:6
    Elf (3/3) Orc:4          Lair (8/8) D:12         Shoals (5/5) Lair:3
  Snake (5/5) Lair:5        Slime (2/6) Lair:7       Vaults (5/5) D:20
  Blade (1/1) Vaults:3      Crypt (5/5) Vaults:2       Tomb (0/3) Crypt:3
    Zot (5/5) D:27

Altars:
Ashenzari
Cheibriados
Elyvilon
Fedhas
Kikubaaqudgha
Makhleb
Nemelex Xobeh
Okawaru
Sif Muna
Trog
Vehumet
Xom
Yredelemnul
Zin
the Shining One
Beogh

Shops:
D:5 [   D:24 ?}[*   D:27 /   Orc:3 [   Orc:4 (=*[   Elf:3 (   Shoals:1 [
Shoals:3 *[   Snake:1 ?

Portals:
Hell: D:21 D:22 D:23 D:24 D:25 D:26* D:27 Lair:8
Abyss: D:21 D:25
Pandemonium: D:21 D:24 D:25 D:26

Annotations:
D:9 Erolcha
D:19 exclusion: ice statue
D:25 exclusion: door
D:26 2 exclusions
D:27 exclusion: door
Zot:5 2 exclusions


Innate Abilities, Weirdness & Mutations

You reflexively headbutt those who attack you in melee.
You have a pair of horns on your head.
Your vision is a little blurry.
You possess an exceptional clarity of mind.
You are very clumsy. (Dex -4)
You are covered in fur (AC +1).


Message History

You climb upwards.
You sense a powerful magical force warping space.
There is a stone staircase leading down here.
Magic restored.
You see here a club.
A red devil comes into view. It is wielding a trident.
The red devil completely misses you. You furiously retaliate!
You headbutt the red devil!
The red devil hops backward while attacking.
You barely miss the red devil. You headbutt the red devil.
The red devil is heavily wounded.
The red devil closely misses you. You furiously retaliate!
You headbutt the red devil.
You flatten the red devil like a pancake!!!
You kill the red devil!
Okawaru accepts your kill.
You see here a trident.
There is an open door here.
There is a staircase leading out of the dungeon here.
You have escaped!

...............................#.
.......##........#.##.###...##.#.
.....####........#.##.# ##..##.#.
....%..............##.# #..##...
.....####..........##.# #..##...
.....# #...........#.# #..##...
.##..# #.....⌠...⌠.#.## #..##...
.##..#####.#...###.....###..##...
...............#@'...............
.....#####.#...###.....###..##...
#.............⌠...⌠....# #..##...
#.##.###...#........#.####.%##...
#.##)# #...#........#.# #........
#.##.###...#........#.###........
......##...#........#............
......##...#>.......#.###.......#
..................)..)###.......#


There were no monsters in sight!

Vanquished Creatures
  4 ancient liches (Zot:5)
  2 orbs of fire (Zot:5)
  Khufu (Crypt:5)
  Saint Roka (Vaults:2)
  Boris (Crypt:4)
  Sojobo (Vaults:3)
  Margery (Vaults:4)
  Norris (D:17)
  7 Killer Klowns
  Mara (Crypt:3)
  Mennas (D:21)
  7 golden dragons
  2 curse toes
  A profane servitor (Crypt:5)
  Jory (Vaults:5)
  3 electric golems
  Xtahua (Vaults:4)
  A Brimstone Fiend (Zot:5)
  Nikola (Vaults:2)
  3 bone dragons
  The ghost of Kejsarherre the Severer, a mighty GrAK of Lugonu (Vaults:5)
  18 tentacled monstrosities
  3 liches
  23 Orb Guardians
  3 titans
  3 deep elf master archers (Elf:3)
  21 storm dragons
  An acid blob (Slime:2)
  Polyphemus (Shoals:2)
  3 krakens
  9 tengu reavers
  Rupert (Snake:3)
  Agnes (Shoals:5)
  4 sphinxes
  3 ancient champions
  9 shadow dragons
  2 revenants
  Roxanne (Elf:1)
  3 daevas (D:20)
  5 draconian monks
  Ilsuiw (Shoals:5)
  An azure jelly (shapeshifter) (Vaults:4)
  6 draconian knights
  Donald (Snake:3)
  An orc warlord (Orc:3)
  Wiglaf (Vaults:4)
  7 ghouls
  An iron dragon (Vaults:5)
  6 draconian scorchers
  12 deep elf sorcerers
  7 fire giants
  11 frost giants
  Aizul (D:15)
  Louise (Elf:1)
  3 ghost moths
  A curse skull (Crypt:1)
  10 vault wardens
  4 draconian zealots
  8 draconian annihilators
  Jorgrun (Snake:4)
  3 angels (D:20)
  3 draconian shifters
  3 greater nagas (Snake:5)
  42 stone giants
  7 draconian callers
  4 eidola
  A blizzard demon (D:2)
  5 deep elf demonologists (Elf:3)
  6 grey draconians
  8 green draconians
  2 vampire knights
  10 pale draconians
  17 deep elf annihilators
  6 merfolk javelineers
  5 black draconians
  4 white draconians
  3 dire elephants (Lair:8)
  8 red draconians
  10 purple draconians
  2 unborn
  6 yellow draconians
  6 merfolk impalers
  5 mottled draconians
  15 ettins
  Snorg (D:15)
  3 large abominations
  22 jiangshi
  14 dragons
  2 sirens
  A minotaur (Lab)
  12 deep elf death magi
  2 mummy priests (Crypt:5)
  27 vault guards
  48 yaktaur captains
  4 deep elf high priests (Elf:3)
  8 death cobs
  6 great orbs of eyes
  13 ironheart preservers
  A quicksilver dragon skeleton (Crypt:4)
  6 ice dragons
  Harold (D:13)
  Josephine (Elf:1)
  3 merfolk aquamancers
  25 dancing weapons
  11 hydras
  An alligator snapping turtle (Shoals:5)
  Erica (D:13)
  4 deep dwarf death knights
  14 deep troll earth magi
  A spectral fire giant (D:24)
  19 deep troll shamans
  5 death yaks
  A death yak (shapeshifter) (Vaults:5)
  A hydra (shapeshifter) (D:25)
  A spectral stone giant (Crypt:5)
  6 ogre magi
  A rakshasa (D:16)
  14 anacondas
  2 human zombies (Zot:1)
  A fire crab (shapeshifter) (D:19)
  11 naga warriors
  3 vampire magi
  A spectral satyr (Crypt:5)
  5 hell knights
  5 very ugly things
  Urug (Elf:1)
  5 plague shamblers
  4 spectral elves
  An iron golem (Vaults:1)
  An orc high priest (Vaults:3)
  21 deep elf knights
  4 soul eaters
  2 sun demons
  A catoblepas (Shoals:2)
  28 centaur warriors
  5 shadow wraiths
  A spectral red draconian (Crypt:5)
  2 storm dragon zombies
  3 iron trolls
  4 death drakes
  11 flayed ghosts
  A shadow demon (Elf:3)
  43 skeletal warriors
  2 spectral anacondas
  6 cherubim
  3 ice devils
  19 sea snakes
  30 deep trolls
  A deep troll (shapeshifter) (D:26)
  15 hill giants
  2 storm dragon skeletons
  A golden dragon zombie (Crypt:4)
  2 wizards
  2 unseen horrors
  2 lindwurms (shapeshifter)
  A death drake (shapeshifter) (D:27)
  A spectral hydra (Crypt:5)
  7 necromancers
  A red wasp (D:19)
  7 giant amoebae
  14 harpies
  13 ironbrand convokers
  A wolf spider zombie (D:14)
  2 shadow dragon skeletons (D:24)
  7 wolf spiders
  10 deep elf conjurers
  9 cyclopes
  An oklob plant (Shoals:4)
  4 frost giant zombies
  23 moths of wrath
  A fire giant zombie (D:22)
  A sphinx skeleton (D:18)
  3 draconian zombies
  16 griffons
  9 phantasmal warriors
  4 spiny worms
  11 stone giant zombies
  37 black mambas
  12 orc sorcerers
  6 sixfirhies
  2 stone golems
  6 deep elf summoners
  38 orc knights
  A moth of wrath (shapeshifter) (D:27)
  Maurice (Orc:2)
  2 frost giant skeletons
  17 stone giant skeletons
  A wolf spider (shapeshifter) (Vaults:4)
  A tormentor (D:24)
  3 fire giant skeletons
  2 spiny frogs (shapeshifter)
  A guardian serpent (shapeshifter) (D:22)
  10 spiny frogs
  3 orange demons
  A spiny worm (shapeshifter) (Vaults:5)
  2 eyes of devastation
  13 vault sentinels
  A feature mimic (Orc:1)
  A pale draconian zombie (Zot:1)
  5 smoke demons
  Psyche (D:9)
  A yellow draconian zombie (Zot:3)
  A dire elephant skeleton (Crypt:1)
  2 iron troll zombies
  2 fire drakes
  2 redback zombies
  A spectral redback (Crypt:5)
  74 yaktaurs
  A spectral deep troll (Crypt:5)
  A spectral harpy (Crypt:2)
  18 mermaids
  3 jumping spiders (shapeshifter)
  12 guardian mummies
  13 deep elf priests
  A white draconian skeleton (Crypt:3)
  An iron devil (Elf:3)
  3 blue devils
  4 red devils
  19 trolls
  A red draconian skeleton (Crypt:1)
  25 naga magi
  A harpy zombie (Crypt:1)
  2 iron troll skeletons
  A pale draconian skeleton (Crypt:3)
  4 wandering mushrooms (Lair:2)
  2 jumping spiders (D:24)
  A wind drake (Zot:3)
  A moth of wrath zombie (Zot:3)
  14 snapping turtles
  Sonja (Elf:1)
  9 hellwings
  10 komodo dragons
  9 boulder beetles
  A hydra skeleton (D:17)
  14 two-headed ogres
  2 wind drakes (shapeshifter)
  Prince Ribbit (D:5)
  A slime creature (shapeshifter) (D:25)
  A trapdoor spider zombie (Crypt:3)
  A blink frog (shapeshifter) (Vaults:3)
  74 slime creatures
  A brown ooze (shapeshifter) (D:18)
  2 brown oozes (Slime:1)
  24 blink frogs
  A dragon zombie (Zot:2)
  2 trapdoor spiders (shapeshifter)
  A griffon zombie (D:16)
  A tarantella zombie (Crypt:4)
  A dire elephant simulacrum (Crypt:5)
  An elf (shapeshifter) (D:22)
  2 stone giant simulacra
  A grizzly bear (Lair:8)
  2 snapping turtles (shapeshifter)
  6 air elementals (Vaults:3)
  10 shadows
  A redback (shapeshifter) (Vaults:5)
  3 tarantellas
  A dragon skeleton (Crypt:2)
  55 flying skulls
  2 chaos spawn
  A spectral giant firefly (Crypt:2)
  An ettin skeleton (Vaults:3)
  8 vampires
  7 redbacks
  3 basilisks
  5 wyverns
  4 water elementals
  83 ugly things
  A fire elemental (D:20)
  A hog (shapeshifter) (Vaults:2)
  2 giant firefly zombies
  3 trapdoor spiders
  2 neqoxecs
  8 sharks
  A ynoxinul (Elf:3)
  Eustachio (D:6)
  2 spectral yaktaurs (Crypt:2)
  56 yaks
  A black mamba skeleton (Crypt:1)
  2 elephant slugs
  A hill giant zombie (D:8)
  49 merfolk
  A spiny worm zombie (Crypt:2)
  14 wraiths
  Grum (D:9)
  36 deep elf magi
  A clay golem (D:17)
  A wind drake skeleton (Crypt:1)
  26 deep elf fighters
  23 hippogriffs
  2 manticores (shapeshifter)
  2 wolves (D:9)
  19 manticores
  4 hungry ghosts
  A redback simulacrum (D:16)
  7 necrophages
  14 porcupines
  A raven zombie (Crypt:3)
  An agate snail zombie (D:20)
  14 vampire mosquitoes
  A deep troll zombie (Vaults:3)
  5 rock worms
  5 deep troll skeletons
  6 mottled dragons
  A faun skeleton (Crypt:4)
  A small abomination (Crypt:5)
  63 orc warriors
  3 sky beasts
  4 swamp drakes
  2 yellow wasps
  21 freezing wraiths
  4 ice beasts
  6 giant goldfish (Lair:2)
  64 nagas
  An ettin simulacrum (Crypt:5)
  2 phantoms
  37 ogres
  2 black bears
  8 rotting devils
  42 centaurs
  A fire crab zombie (Crypt:1)
  A tengu (shapeshifter) (D:26)
  A hog zombie (Crypt:1)
  8 crocodiles
  4 big kobolds
  46 water moccasins
  13 giant slugs
  2 yaktaur zombies
  18 wargs
  3 brain worms
  12 agate snails
  A gnoll sergeant (D:10)
  A giant slug zombie (D:13)
  An agate snail (shapeshifter) (Vaults:5)
  2 cyclops zombies
  16 giant frogs
  A manticore skeleton (Elf:1)
  A spectral rock worm (Crypt:5)
  A yak zombie (Crypt:5)
  3 eyes of draining
  2 boulder beetle zombies
  11 killer bees
  3 electric eels (Vaults:3)
  An elf skeleton (Elf:1)
  2 jellyfish
  13 wights
  4 lava snakes (D:26)
  A hippogriff skeleton (D:7)
  A lava fish (D:26)
  9 crimson imps
  6 jellies
  11 hounds
  2 basilisk zombies
  A jelly (shapeshifter) (Vaults:4)
  A goliath beetle (D:9)
  32 orc wizards
  2 quasits
  A giant frog skeleton (D:5)
  33 orc priests
  2 soldier ant zombies
  2 giant frog zombies
  8 iguanas
  2 scorpions (D:12)
  8 worker ants
  A water moccasin skeleton (Elf:1)
  An iron imp (Elf:3)
  2 basilisk skeletons
  A black bear skeleton (D:5)
  14 orange rats
  26 sheep
  A yak simulacrum (Crypt:1)
  A killer bee zombie (D:10)
  A mottled dragon zombie (D:17)
  A brain worm zombie (Crypt:4)
  Ijyb (D:2)
  A demigod skeleton (Crypt:4)
  A crocodile skeleton (Elf:1)
  A crocodile zombie (Crypt:3)
  13 boggarts
  A naga zombie (Crypt:4)
  2 hound skeletons (D:6)
  9 mummies
  4 gnolls
  A swamp drake zombie (Crypt:3)
  An orange rat skeleton (Crypt:4)
  4 giant centipedes
  41 green rats
  2 lemures
  A white imp (Elf:3)
  3 giant mites
  A steam dragon skeleton (Crypt:2)
  52 adders
  2 inept feature mimics
  2 goliath beetle zombies
  5 worms
  31 ufetubi
  A scorpion zombie (D:5)
  2 adder skeletons
  A giant centipede zombie (D:15)
  3 giant eyeballs
  An iguana skeleton (D:10)
  7 oozes
  195 orcs
  A bat skeleton (D:4)
  A bat zombie (Crypt:1)
  2 giant cockroaches (D:8)
  18 goblins
  19 hobgoblins
  29 jackals
  14 quokkas
  6 ball pythons
  A ball python skeleton (Crypt:3)
  21 bats
  A giant cockroach zombie (D:5)
  6 giant geckos
  2 giant gecko zombies
  4 giant newts
  2 giant spores
  A goblin skeleton (D:5)
  A goblin zombie (D:5)
  A hobgoblin skeleton (D:5)
  A jackal skeleton (Crypt:1)
  26 kobolds
  A lava orc zombie (Crypt:2)
  An orc skeleton (D:5)
  4 orc zombies
  21 rats
  A spectral hobgoblin (Crypt:2)
  5 ballistomycetes
  2 crawling corpses (Vaults:2)
  6 fungi
  16 plants
  11 tentacles
  A tentacle segment (Shoals:4)
3363 creatures vanquished.

Vanquished Creatures (collateral kills)
  A draconian scorcher (Zot:1)
  A draconian zealot (Zot:1)
  A mottled draconian (Zot:1)
  An ice devil (Zot:1)
  A pale draconian zombie (Zot:1)
  An orc warrior (Orc:4)
  2 orcs
8 creatures vanquished.

Vanquished Creatures (others)
  A draconian scorcher (Zot:4)
  A draconian zealot (Zot:2)
  A deep elf high priest (Elf:3)
  2 air elementals (Zot:2)
  5 water elementals
  A fire elemental (Zot:5)
  A black mamba skeleton (Elf:1)
  2 deep elf magi (Elf:3)
  An orc warrior (Vaults:3)
  A swamp drake (Zot:4)
  An ogre (Vaults:5)
  2 centaurs
  6 lost souls
  An agate snail (D:21)
  A lava snake (D:26)
  An orange rat (Elf:1)
  4 boggarts
  A giant spore (D:9)
  6 fungi
  3 plants
  27 tentacles
  237 tentacle segments
306 creatures vanquished.

Grand Total: 3677 creatures vanquished

Notes
Turn   | Place    | Note
--------------------------------------------------------------
     0 | D:1      | Jaijje, the Minotaur Fighter, began the quest for the Orb.
     0 | D:1      | Reached XP level 1. HP: 19/19 MP: 0/0
   328 | D:1      | Reached XP level 2. HP: 17/26 MP: 0/0
   584 | D:2      | Reached skill level 4 in Maces & Flails
   590 | D:2      | Reached XP level 3. HP: 31/33 MP: 1/1
   665 | D:2      | Noticed Ijyb
   678 | D:2      | Killed Ijyb
   678 | D:2      | Reached skill level 5 in Maces & Flails
   703 | D:2      | Found an ancient bone altar of Kikubaaqudgha.
   715 | D:2      | Reached XP level 4. HP: 33/39 MP: 1/1
  1408 | D:3      | Reached skill level 6 in Maces & Flails
  1455 | D:3      | Reached XP level 5. HP: 46/46 MP: 1/1
  1710 | D:3      | Noticed an ice beast
  1720 | D:3      | Killed an ice beast
  1720 | D:3      | Reached skill level 7 in Maces & Flails
  1871 | D:3      | Reached XP level 6. HP: 52/52 MP: 2/2
  2097 | D:3      | Reached skill level 8 in Maces & Flails
  2288 | D:4      | Got a twitching ruby amulet
  2805 | D:5      | Entered Level 5 of the Dungeon
  2904 | D:5      | Reached skill level 9 in Maces & Flails
  2927 | D:5      | Found Xuini's Antique Armour Shoppe.
  2937 | D:5      | Reached XP level 7. HP: 29/59 MP: 1/2
  3141 | D:5      | Paralysed by a giant eyeball for 2 turns
  3147 | D:5      | Paralysed by a giant eyeball for 2 turns
  3205 | D:5      | Found a white marble altar of Elyvilon.
  3214 | D:5      | Noticed Prince Ribbit
  3277 | D:5      | Killed Prince Ribbit
  3277 | D:5      | Reached skill level 10 in Maces & Flails
  3534 | D:6      | Reached XP level 8. HP: 66/66 MP: 3/3
  3612 | D:6      | Found a staircase to the Orcish Mines.
  3649 | D:6      | Reached skill level 11 in Maces & Flails
  3850 | D:6      | Reached skill level 5 in Armour
  3860 | D:6      | Noticed Eustachio
  3870 | D:6      | Killed Eustachio
  3877 | D:6      | Reached skill level 12 in Maces & Flails
  4184 | D:6      | Found a staircase to the Ecumenical Temple.
  4196 | D:6      | Reached XP level 9. HP: 60/72 MP: 4/4
  4203 | Temple   | Entered the Ecumenical Temple
  4252 | Temple   | Became a worshipper of Warmaster Okawaru
  4543 | D:6      | Found a burning altar of Makhleb.
  4729 | D:7      | Reached skill level 13 in Maces & Flails
  4730 | D:7      | Found a basalt altar of Yredelemnul.
  5144 | D:7      | Acquired Okawaru's first power
  5488 | D:8      | Found a blossoming altar of Fedhas.
  5686 | D:8      | Reached skill level 14 in Maces & Flails
  6146 | D:9      | Identified the amulet of Otoumore {Spirit +Inv rC++} (You found it on level 4 of the Dungeon)
  6202 | D:9      | Upgraded the game from 0.13.0-7-g3df9ff1 to 0.13.0-9-gbc74161
  6385 | D:9      | Noticed Psyche
  6647 | D:9      | Killed Psyche
  6687 | D:9      | Reached XP level 10. HP: 26/79 MP: 3/4
  6908 | D:9      | Reached skill level 15 in Maces & Flails
  6946 | D:9      | Noticed Grum
  6971 | D:9      | Killed Grum
  7147 | D:9      | Noticed Erolcha
  7170 | D:10     | Entered Level 10 of the Dungeon
  7405 | D:9      | Reached skill level 1 in Invocations
  7831 | D:11     | Noticed a five-headed hydra
  7852 | D:10     | Killed a five-headed hydra
  7852 | D:10     | Reached skill level 16 in Maces & Flails
  8286 | D:11     | Noticed a hill giant
  8357 | D:10     | Killed a hill giant
  8363 | D:10     | Reached XP level 11. HP: 22/84 MP: 1/4
  8658 | D:10     | Reached skill level 10 in Armour
  8672 | D:11     | Reached skill level 17 in Maces & Flails
  8802 | D:11     | Noticed a hill giant
  8819 | D:11     | Killed a hill giant
  9058 | D:12     | Found a staircase to the Lair.
  9064 | Lair:1   | Entered Level 1 of the Lair of Beasts
  9570 | Lair:1   | Acquired Okawaru's second power
 10288 | Lair:2   | Paralysed by you for 3 turns
 10324 | Lair:2   | Reached skill level 18 in Maces & Flails
 10395 | Lair:2   | Received a gift from Okawaru
 10488 | Lair:2   | Reached skill level 1 in Evocations
 11036 | Lair:3   | Noticed a four-headed hydra
 11195 | Lair:2   | Killed a four-headed hydra
 11750 | Lair:3   | Reached skill level 19 in Maces & Flails
 11750 | Lair:3   | Reached XP level 12. HP: 14/92 MP: 2/6
 12445 | Lair:3   | Noticed a seven-headed hydra
 12455 | Lair:3   | Killed a seven-headed hydra
 12613 | Lair:3   | Found a staircase to the Shoals.
 12753 | Lair:3   | Reached skill level 1 in Dodging
 12804 | Lair:3   | Got an ancient trident
 12805 | Lair:3   | Identified the trident "Pomuim" {antimagic, MR+} (You found it on level 3 of the Lair of Beasts)
 13439 | Lair:3   | Reached skill level 5 in Fighting
 14769 | Lair:5   | Found a staircase to the Snake Pit.
 14835 | Lair:5   | Noticed an eight-headed hydra
 14843 | Lair:5   | Killed an eight-headed hydra
 16479 | Lair:6   | Received a gift from Okawaru
 16980 | Lair:7   | Reached XP level 13. HP: 106/106 MP: 3/9
 17115 | Lair:7   | Reached skill level 5 in Dodging
 17653 | Lair:7   | Found a staircase to the Slime Pits.
 18214 | Lair:8   | Entered Level 8 of the Lair of Beasts
 18730 | Orc:1    | Entered Level 1 of the Orcish Mines
 19176 | Orc:2    | Reached skill level 10 in Fighting
 19746 | Orc:3    | Found a radiant altar of Vehumet.
 19883 | Orc:3    | Found Neiwoz's Armour Shoppe.
 19989 | Orc:3    | Found a roughly hewn altar of Beogh.
 20249 | Orc:4    | Entered Level 4 of the Orcish Mines
 20290 | Orc:4    | Found a staircase to the Elven Halls.
 20630 | Orc:4    | Found Odduts' Antique Armour Shop.
 20677 | Orc:4    | Bought an embroidered cloak for 32 gold pieces
 20680 | Orc:4    | Identified a +0 cloak of preservation (You bought it in a shop on level 4 of the Orcish Mines)
 20694 | Orc:4    | Noticed an orc warlord
 22082 | D:13     | Reached skill level 5 in Invocations
 22359 | D:13     | Noticed Erica
 22365 | D:13     | Killed Erica
 22421 | D:13     | Noticed Harold
 22429 | D:13     | Killed Harold
 22617 | D:14     | Entered Level 14 of the Dungeon
 22918 | D:14     | Received a gift from Okawaru
 23063 | D:14     | Noticed a bone dragon
 23084 | D:14     | Killed a bone dragon
 23084 | D:14     | Reached XP level 14. HP: 51/123 MP: 7/18
 23800 | D:14     | Got a transparent flail
 23801 | D:14     | Identified the flail "Narump" {drain, Stlth+} (You found it on level 14 of the Dungeon)
 23990 | D:15     | Entered Level 15 of the Dungeon
 23998 | D:15     | Noticed Aizul
 24012 | D:15     | Killed Aizul
 24268 | D:15     | Noticed Snorg
 24277 | D:15     | Killed Snorg
 25797 | D:15     | Received a gift from Okawaru
 26719 | D:17     | Noticed Norris
 27448 | Lair:8   | Received a gift from Okawaru
 27475 | Lair:8   | Got a pair of distressingly furry boots {god gift}
 27479 | Lair:8   | Identified the -3 pair of boots of Distant Worlds {+Rage +Inv rC+} (Okawaru gifted it to you on level 8 of the Lair of Beasts)
 27688 | Lair:8   | Reached skill level 15 in Fighting
 27748 | Lair:8   | Noticed a dire elephant
 27756 | Lair:8   | Killed a dire elephant
 27801 | Lair:8   | Noticed a dire elephant
 27804 | Lair:8   | Reached skill level 10 in Dodging
 27804 | Lair:8   | Reached XP level 15. HP: 122/135 MP: 21/21
 27811 | Lair:8   | Killed a dire elephant
 27922 | Lair:8   | Noticed a dire elephant
 27936 | Lair:8   | Killed a dire elephant
 28326 | Lair:8   | Found a burning altar of Makhleb.
 28402 | Lair:8   | Found a gateway to Hell.
 28411 | Lair:8   | Received a gift from Okawaru
 29301 | Orc:3    | Killed an orc warlord
 29546 | Orc:4    | Found Nennatir's General Store.
 29649 | Orc:4    | Found Otsun's Jewellery Emporium.
 29824 | Orc:4    | Found Kaxin's Antique Weapon Boutique.
 30034 | Orc:2    | Noticed Maurice
 30045 | Orc:2    | Killed Maurice
 30522 | Snake:1  | Entered Level 1 of the Snake Pit
 30538 | Snake:1  | Found Hod Klum's Magic Scroll Shoppe.
 30552 | Snake:1  | Bought a scroll of magic mapping for 49 gold pieces
 30552 | Snake:1  | Bought a scroll of identify for 28 gold pieces
 30605 | Snake:1  | Identified the Tome of Malediction
 30740 | Snake:1  | Identified a +2 cloak of preservation (You took it off Maurice on level 2 of the Orcish Mines)
 31611 | Snake:2  | Found a blossoming altar of Fedhas.
 32276 | Snake:3  | Noticed Donald
 32465 | Snake:3  | Killed Donald
 32465 | Snake:3  | Received a gift from Okawaru
 32465 | Snake:3  | Reached skill level 5 in Evocations
 32919 | Snake:3  | Reached skill level 20 in Maces & Flails
 32948 | Snake:3  | Noticed Rupert
 32975 | Snake:3  | Killed Rupert
 33796 | Snake:4  | Noticed Jorgrun
 33811 | Snake:4  | Killed Jorgrun
 34582 | Shoals:1 | Entered Level 1 of the Shoals
 34752 | Shoals:1 | Noticed a kraken
 35243 | Shoals:1 | Reached XP level 16. HP: 146/146 MP: 22/22
 35329 | Shoals:2 | Received a gift from Okawaru
 35672 | Shoals:1 | Found Iruuz's Armour Boutique.
 35706 | Shoals:1 | Bought a +0 pair of elven boots of running for 145 gold pieces
 35913 | Shoals:1 | Killed a kraken
 36079 | Shoals:2 | Noticed Polyphemus
 36100 | Shoals:1 | Upgraded the game from 0.13.0-9-gbc74161 to 0.13.0-11-g0187522
 36824 | Shoals:2 | Killed Polyphemus
 37756 | Shoals:3 | Found Ontu's Assorted Antiques.
 37765 | Shoals:3 | Bought a scroll labeled SCHYEG THINOVIUT for 27 gold pieces
 37765 | Shoals:3 | Bought a cyan potion for 24 gold pieces
 38126 | Shoals:3 | Found Schaeblai's Antique Armour Shoppe.
 38135 | Shoals:3 | Bought a smoking cloak for 180 gold pieces
 38147 | Shoals:3 | Identified the +1 cloak of Luintoech {+Blink} (You bought it in a shop on level 3 of the Shoals)
 38775 | Shoals:4 | Reached skill level 15 in Armour
 40067 | D:17     | Killed Norris
 40067 | D:17     | Reached skill level 1 in Throwing
 41096 | D:18     | Found a labyrinth entrance.
 41147 | Lab      | Entered a labyrinth
 41685 | D:18     | Reached XP level 17. HP: 94/158 MP: 22/22
 42343 | D:18     | Reached skill level 5 in Throwing
 43727 | D:19     | Received a gift from Okawaru
 44113 | D:20     | Entered Level 20 of the Dungeon
 44319 | D:20     | Found a basalt altar of Yredelemnul.
 44400 | D:20     | Found a staircase to the Vaults.
 44535 | D:20     | Found a shimmering altar of Xom.
 44536 | D:20     | Found a shimmering altar of Xom.
 44538 | D:20     | Found a shimmering altar of Xom.
 44538 | D:20     | Found a shimmering altar of Xom.
 44538 | D:20     | Found a shimmering altar of Xom.
 44900 | Vaults:1 | Entered Level 1 of the Vaults
 46415 | D:20     | Noticed Mennas
 46444 | D:21     | HP: 8/160 [hill giant/giant club (28)]
 46446 | D:21     | HP: 2/160 [cherub/arrow (6)]
 46463 | D:21     | Found a one-way gate to the infinite horrors of the Abyss.
 46463 | D:21     | HP: 8/160 [boulder beetle (12)]
 47314 | D:20     | Found a glowing silver altar of Zin.
 47539 | D:20     | Received a gift from Okawaru
 48170 | D:20     | Got a shimmering ring mail
 48187 | D:20     | Identified the +4 ring mail of Chill Winds {rN+ Str+1 Dam+4 Curse} (You found it on level 20 of the Dungeon)
 48960 | Vaults:1 | Reached XP level 18. HP: 154/170 MP: 21/24
 50198 | Vaults:2 | Received a gift from Okawaru
 50626 | Vaults:2 | Found a portal to a secret trove of treasure.
 50684 | Vaults:2 | Found a staircase to the Crypt.
 51475 | Vaults:2 | Noticed Nikola
 51485 | Vaults:2 | Killed Nikola
 51485 | Vaults:2 | Received a gift from Okawaru
 51721 | Vaults:2 | Reached skill level 10 in Throwing
 52335 | Vaults:3 | Received a gift from Okawaru
 52673 | Vaults:3 | Received a gift from Okawaru
 52733 | Vaults:3 | Noticed Sojobo
 53235 | Vaults:4 | Received a gift from Okawaru
 53237 | Vaults:4 | Noticed Xtahua
 53578 | Vaults:4 | Noticed Margery
 53919 | Vaults:3 | Found a staircase to the Hall of Blades.
 54165 | Vaults:3 | Reached XP level 19. HP: 121/181 MP: 18/24
 54549 | Vaults:3 | Killed Sojobo
 54999 | Vaults:2 | Noticed Saint Roka
 55201 | Vaults:2 | Killed Saint Roka
 55201 | Vaults:2 | Reached skill level 21 in Fighting
 55695 | Vaults:4 | Noticed Wiglaf
 55711 | Vaults:4 | Killed Wiglaf
 56331 | Vaults:4 | Received a gift from Okawaru
 56711 | Vaults:4 | Received a gift from Okawaru
 56717 | Vaults:4 | HP: 8/184 [fire giant/fireball (16)]
 56718 | Vaults:4 | HP: 1/184 [fire giant/great sword of flaming (26)]
 56789 | Vaults:4 | Identified a scroll of acquirement
 56942 | Vaults:4 | Killed Xtahua
 57120 | Vaults:4 | Paralysed by a sphinx for 5 turns
 58110 | Lair:1   | Upgraded the game from 0.13.0-11-g0187522 to 0.13.0-13-g27bfa31
 58344 | Elf:1    | Entered Level 1 of the Elven Halls
 58353 | Elf:1    | Noticed Josephine
 58408 | Elf:1    | Killed Josephine
 58568 | Elf:1    | Noticed Sonja
 58576 | Elf:1    | Killed Sonja
 58621 | Elf:1    | Noticed Roxanne
 58625 | Elf:1    | Noticed Urug
 58652 | Elf:1    | Killed Urug
 58774 | Elf:1    | Reached skill level 22 in Fighting
 58786 | Elf:1    | Noticed Louise
 58810 | Elf:1    | Cast into the Abyss (Louise)
 58841 | Elf:1    | Escaped the Abyss
 58849 | Elf:1    | Killed Louise
 60056 | Elf:2    | Reached XP level 20. HP: 195/195 MP: 25/25
 60641 | Elf:1    | Received a gift from Okawaru
 60716 | Elf:1    | Killed Roxanne
 61165 | Slime:1  | Entered Level 1 of the Pits of Slime
 61269 | Slime:1  | Received a gift from Okawaru
 61290 | Slime:2  | Gained mutation: You have a fast metabolism. [a shining eye]
 61796 | Orc:4    | Bought an uncursed amulet of resist mutation for 680 gold pieces
 62802 | Blade    | Entered the Hall of Blades
 64807 | Crypt:1  | Entered Level 1 of the Crypt
 64984 | Crypt:1  | Received a gift from Okawaru
 65636 | Crypt:1  | Reached skill level 23 in Fighting
 66688 | Crypt:3  | Got a brightly glowing bone ring
 66694 | Crypt:3  | Identified the ring of Lady Luck {Wiz rElec Acc+5} (You found it on level 3 of the Crypt)
 66834 | Crypt:3  | Noticed Mara
 66847 | Crypt:3  | Killed Mara
 66847 | Crypt:3  | Received a gift from Okawaru
 67186 | Crypt:3  | Found a staircase to the Tomb.
 67822 | Crypt:4  | Received a gift from Okawaru
 67822 | Crypt:4  | Reached XP level 21. HP: 106/207 MP: 18/28
 68056 | Crypt:4  | Noticed Boris
 68069 | Crypt:4  | Killed Boris
 69170 | Crypt:5  | Entered Level 5 of the Crypt
 69363 | Crypt:5  | Reached skill level 10 in Evocations
 69472 | Crypt:5  | Found a basalt altar of Yredelemnul.
 69478 | Crypt:5  | Reached skill level 24 in Fighting
 69498 | Crypt:5  | Received a gift from Okawaru
 69663 | Crypt:5  | Got a warped scale mail
 69697 | Crypt:5  | Identified the +3 scale mail "Okkant" {+Inv rN+ Dex+3 SInv} (You found it on level 5 of the Crypt)
 69758 | Crypt:5  | Received a gift from Okawaru
 69985 | Crypt:5  | Got a faintly humming ring mail
 70001 | Crypt:5  | Identified the +0 ring mail of Melancholy {rC+ rN+} (You found it on level 5 of the Crypt)
 70102 | Crypt:5  | Received a gift from Okawaru
 70121 | Crypt:5  | Got a dazzling mace {god gift}
 70128 | Crypt:5  | Identified the +2,-3 mace "Hazaqiyn" {vamp, +Inv rN+ Str-2 Dex+1} (Okawaru gifted it to you on level 5 of the Crypt)
 71476 | Crypt:5  | Noticed Khufu
 71523 | Crypt:5  | Killed Khufu
 71872 | Crypt:5  | Got a vibrating graven amulet
 71884 | Crypt:5  | Identified the amulet "Tixeoj" {Stasis SInv} (You found it on level 5 of the Crypt)
 72027 | Crypt:3  | Upgraded the game from 0.13.0-13-g27bfa31 to 0.13.0-15-g9204fa6
 72860 | Vaults:4 | Received a gift from Okawaru
 72939 | Vaults:4 | Reached XP level 22. HP: 198/213 MP: 30/30
 72956 | Vaults:4 | Killed Margery
 73531 | D:21     | Received a gift from Okawaru
 73540 | D:21     | Got a pair of fine gloves {god gift}
 73543 | D:21     | Identified the +1 pair of gloves of Subjectivity {rElec MR++} (Okawaru gifted it to you on level 21 of the Dungeon)
 73929 | D:21     | Found a one-way gate leading to the halls of Pandemonium.
 74202 | D:21     | Killed Mennas
 74597 | D:21     | Reached skill level 25 in Fighting
 74866 | D:21     | Found a glowing golden altar of the Shining One.
 76817 | D:24     | Found Strauw's Antique Armour Boutique.
 76861 | D:24     | Found Koku's General Store.
 76976 | D:24     | Found Qamn's Magic Scroll Boutique.
 77281 | D:24     | Bought a scroll of enchant weapon I for 77 gold pieces
 77281 | D:24     | Bought a scroll of enchant weapon II for 77 gold pieces
 78962 | D:24     | Received a gift from Okawaru
 79001 | D:24     | Found Sautheit's Gadget Boutique.
 79115 | D:24     | Bought a scroll of blinking for 77 gold pieces
 79364 | D:25     | Entered Level 25 of the Dungeon
 80077 | D:25     | Received a gift from Okawaru
 80790 | D:25     | Reached XP level 23. HP: 179/221 MP: 26/32
 80974 | D:25     | Reached skill level 26 in Fighting
 83600 | D:26     | Found a white marble altar of Elyvilon.
 84150 | D:26     | Received a gift from Okawaru
 84545 | D:27     | Entered Level 27 of the Dungeon
 84545 | D:27     | Found Skonkoam's Magical Wand Boutique.
 85223 | D:27     | Received a gift from Okawaru
 85651 | D:27     | Received a gift from Okawaru
 87057 | D:27     | Received a gift from Okawaru
 87517 | D:27     | Received a gift from Okawaru
 88472 | Snake:5  | Entered Level 5 of the Snake Pit
 88560 | Snake:5  | Reached XP level 24. HP: 178/229 MP: 33/33
 88591 | Snake:5  | Received a gift from Okawaru
 88591 | Snake:5  | Reached skill level 27 in Fighting
 88788 | Snake:5  | Received a gift from Okawaru
 89715 | Snake:5  | Got a serpentine rune of Zot
 90389 | Shoals:5 | Entered Level 5 of the Shoals
 90450 | Shoals:5 | Noticed Agnes
 90451 | Shoals:5 | Noticed Ilsuiw
 90888 | Shoals:5 | Killed Ilsuiw
 91251 | Shoals:5 | Killed Agnes
 91254 | Shoals:5 | Got a scintillating graven amulet
 91659 | Shoals:5 | Received a gift from Okawaru
 91699 | Shoals:5 | Got a twisted crystal plate armour {god gift}
 91726 | Shoals:5 | Identified the -11 crystal plate armour "Triuhari" {+Inv rPois SInv} (Okawaru gifted it to you on level 5 of the Shoals)
 92884 | Shoals:5 | Got a barnacled rune of Zot
 92923 | Shoals:5 | Identified the amulet "Schis" {Clar rF+ MR++} (You took it off Agnes on level 5 of the Shoals)
 93364 | Elf:3    | Entered Level 3 of the Elven Halls
 94174 | Elf:3    | Found Mnidiquilo's Weapon Shop.
 95105 | Elf:3    | Gained mutation: You have a somewhat thin skeletal structure (Dex +2, Stlth). [a neqoxec]
 95214 | Elf:3    | Gained mutation: You are clumsy. (Dex -2) [a neqoxec]
 95714 | Elf:3    | Received a gift from Okawaru
 96323 | Elf:3    | Got a shimmering golden ring
 96337 | Elf:3    | Identified the ring of Qoplazxe {+Fly Int-3} (You found it on level 3 of the Elven Halls)
 96429 | Elf:3    | Got a twitching copper ring
 96431 | Elf:3    | Got a wavering pewter ring
 96436 | Elf:3    | Got a heavily runed golden ring
 96473 | Elf:3    | Got a vibrating turquoise ring
 96483 | Elf:3    | Identified the ring "Kiomo" {AC+3 Dam+5} (You found it on level 3 of the Elven Halls)
 96484 | Elf:3    | Identified the ring of the Princess {-Tele rF+ rC+} (You found it on level 3 of the Elven Halls)
 96485 | Elf:3    | Identified the ring "Freotowe" {Hunger- Stlth} (You found it on level 3 of the Elven Halls)
 96486 | Elf:3    | Identified the ring of the Moon {Hunger- Dex+4} (You found it on level 3 of the Elven Halls)
 97431 | Vaults:5 | Entered Level 5 of the Vaults
 97485 | Vaults:4 | Reached skill level 27 in Armour
 97620 | Vaults:4 | Reached XP level 25. HP: 200/239 MP: 27/34
 98040 | Vaults:5 | Reached skill level 15 in Throwing
 98325 | Vaults:5 | Noticed Kejsarherre's ghost (mighty GrAK)
 98411 | Vaults:5 | Killed Kejsarherre's ghost
 98843 | Vaults:5 | Received a gift from Okawaru
 98900 | Vaults:5 | Got a silver rune of Zot
 99502 | Vaults:5 | Noticed Jory
 99522 | Vaults:5 | Killed Jory
100935 | Vaults:5 | Received a gift from Okawaru
101224 | Vaults:5 | Lost mutation: You have a fast metabolism. [potion of cure mutation]
101224 | Vaults:5 | Lost mutation: You are clumsy. (Dex -2) [potion of cure mutation]
101224 | Vaults:5 | Lost mutation: You have a somewhat thin skeletal structure (Dex +2, Stlth). [potion of cure mutation]
101753 | Vaults:5 | Reached skill level 15 in Evocations
102457 | Lair:1   | Jaijje: hey
102457 | Lair:1   | Jaijje: what should i acquire?
102457 | Lair:1   | Jaijje: have 2 scrolls over lol =)
102813 | Lair:1   | Gained mutation: Space occasionally distorts in your vicinity. [potion of mutation]
102813 | Lair:1   | Gained mutation: Armour fits poorly on your strangely shaped body. [potion of mutation]
102813 | Lair:1   | Gained mutation: You evolve. [potion of mutation]
103015 | Lair:1   | Gained mutation: Your flesh is cold resistant. [evolution]
104076 | Lair:1   | Paralysed by a giant eyeball for 3 turns
105120 | Lair:1   | Noticed a four-headed hydra
105128 | Lair:1   | Killed a four-headed hydra
106427 | Lair:1   | kurshu: sorry was tabbed
106440 | Lair:1   | Lost mutation: Space occasionally distorts in your vicinity. [potion of cure mutation]
106440 | Lair:1   | Lost mutation: You evolve. [potion of cure mutation]
106440 | Lair:1   | Lost mutation: Armour fits poorly on your strangely shaped body. [potion of cure mutation]
106440 | Lair:1   | Lost mutation: Your flesh is cold resistant. [potion of cure mutation]
106442 | Lair:1   | Gained mutation: You are clumsy. (Dex -2) [potion of mutation]
106442 | Lair:1   | Gained mutation: You possess an exceptional clarity of mind. [potion of mutation]
106442 | Lair:1   | Gained mutation: You are covered in fur (AC +1). [potion of mutation]
106443 | Lair:1   | kurshu: And im really not the right person to ask :)
106443 | Lair:1   | Jaijje: haha ok!
106443 | Lair:1   | Jaijje: that mutations wasnt that bad
106443 | Lair:1   | Jaijje: screw dex
106837 | Trove    | Entered a treasure trove
106851 | Trove    | Got a pitted jade ring
106855 | Trove    | Got a fine jade ring
106882 | Trove    | Got a heavily runed golden ring
106884 | Trove    | Identified the ring of the Three Moons {Ice +Inv} (You found it in a treasure trove)
106884 | Trove    | Identified the ring "Towniroo" {MP+9 Str+1 Dam-1} (You found it in a treasure trove)
106918 | Trove    | Identified the ring of Cujero {SustAb rPois Int+3} (You found it in a treasure trove)
106936 | Trove    | Got a brightly glowing brass amulet
106937 | Trove    | Identified the amulet of Amorality {Faith Dex-2} (You found it in a treasure trove)
107438 | Lair:1   | Got a dazzling plate armour
107460 | Lair:1   | Identified the +9 plate armour of Cieteg {Acc-7 Stlth+} (You acquired it on level 1 of the Lair of Beasts)
108102 | D:24     | Bought a phial of floods for 2000 gold pieces
108291 | Zot:1    | Entered Level 1 of the Realm of Zot
108897 | Zot:1    | Received a gift from Okawaru
108956 | Zot:1    | Reached XP level 26. HP: 225/257 MP: 12/36
108975 | Zot:1    | Received a gift from Okawaru
109464 | Zot:1    | Reached skill level 15 in Dodging
110029 | Zot:2    | Received a gift from Okawaru
110678 | Zot:2    | Received a gift from Okawaru
111539 | Zot:3    | Received a gift from Okawaru
112030 | Zot:3    | Got a pair of heavily runed boots {god gift}
112037 | Zot:3    | Identified the +1 pair of boots of Sunlight {rN+ Dam+4} (Okawaru gifted it to you on level 3 of the Realm of Zot)
113158 | Zot:4    | Reached XP level 27. HP: 211/266 MP: 32/38
114111 | Zot:4    | Received a gift from Okawaru
114593 | Zot:5    | Entered Level 5 of the Realm of Zot
114979 | D:24     | Received a gift from Okawaru
116649 | Zot:5    | Received a gift from Okawaru
116679 | Zot:5    | Noticed an ancient lich
116689 | Zot:5    | Noticed an ancient lich
116700 | Zot:5    | Killed an ancient lich
116711 | Zot:5    | Killed an ancient lich
116725 | Zot:5    | Gained mutation: You are very clumsy. (Dex -4) [a cacodemon]
117272 | Zot:5    | Received a gift from Okawaru
117348 | Zot:5    | Noticed an ancient lich
117369 | Zot:5    | Killed an ancient lich
118033 | Zot:5    | Noticed an orb of fire
118035 | Zot:5    | Gained mutation: Your vision is a little blurry. [an orb of fire]
118050 | Zot:5    | Killed an orb of fire
118463 | Zot:5    | Received a gift from Okawaru
118692 | Zot:5    | Noticed an orb of fire
118716 | Zot:5    | Killed an orb of fire
119072 | Zot:5    | Got the Orb of Zot
119137 | Zot:5    | Noticed an ancient lich
119142 | Zot:5    | Killed an ancient lich
119160 | Zot:3    | Noticed Sutwahom the pandemonium lord
119618 | D:14     | Noticed Cleorahi the pandemonium lord
119927 | D:$      | Escaped with the Orb!

Action                   |  1- 3 |  4- 6 |  7- 9 | 10-12 | 13-15 | 16-18 | 19-21 | 22-24 | 25-27 || total
-------------------------+-------+-------+-------+-------+-------+-------+-------+-------+-------++-------
Melee: Mace              |    69 |   188 |   425 |   237 |       |       |       |       |       ||   919
       Great mace        |       |       |       |   672 |  1593 |  1654 |  1661 |  2382 |  1704 ||  9666
Throw: Javelin           |       |       |       |       |       |       |     8 |    44 |    67 ||   119
Invok: Heroism           |       |       |     1 |     7 |    25 |    34 |    22 |    27 |     6 ||   122
       Finesse           |       |       |       |       |     3 |     9 |     2 |     6 |     1 ||    21
 Abil: Evoke Flight      |       |       |       |       |       |    38 |       |    13 |       ||    51
       Stop Flying       |       |       |       |       |       |     1 |       |       |       ||     1
       Evoke Blink       |       |       |       |       |       |     1 |       |       |       ||     1
Evoke: Wand              |       |     2 |     2 |     7 |    12 |     6 |    15 |     4 |    11 ||    59
       Miscellaneous     |       |       |       |       |       |       |       |       |     9 ||     9
  Use: Scroll            |       |       |    11 |    24 |    12 |    20 |    16 |    23 |    30 ||   136
       Potion            |       |       |       |     4 |     1 |    12 |    15 |    14 |    22 ||    68
 Stab: Fleeing           |       |       |       |       |       |       |       |     2 |     3 ||     5
       Distracted        |       |       |       |       |       |       |       |       |     2 ||     2
       Confused          |       |       |       |       |       |       |       |       |     1 ||     1
